 Dungeon Crawl Stone Soup version 0.18-a0-1311-g779ca93 (webtiles) character file.

263352 Motquri the Black Belt (level 20, -14/150 HPs)
             Began as an Octopode Conjurer on Feb 7, 2016.
             Was the Champion of Ashenzari.
             Killed from afar by a shadow dragon (22 damage)
             ... with a bolt of negative energy
             ... on level 5 of the Vaults on Feb 13, 2016.
             The game lasted 03:42:25 (51108 turns).

Motquri the Black Belt (Octopode Conjurer)         Turns: 51108, Time: 03:42:25

Health: -14/150    AC:  5    Str: 12    XL:     20   Next: 42%
Magic:  28/37      EV: 21    Int: 29    God:    Ashenzari [******]
Gold:   1969       SH: 15    Dex: 16    Spells: 10 memorised, 4 levels left

rFire  + . .     SeeInvis +       - Unarmed
rCold  + . .     Gourm    +     V - +2 shield
rNeg   + . .     Faith    .     (helmet restricted)
rPois  .         Spirit   .     v - amulet of the gourmand (curse)
rElec  .         Dismiss  .     p - ring of wizardry (curse)
rCorr  .         Reflect  .     m - ring of fire (curse)
SustAt .         Harm     .     o - +2 ring of evasion (curse)
MR     +....     Clarity  +     U - ring of positive energy (curse)
Stlth  ++++......               t - +2 ring of dexterity (curse)
                                A - +5 ring of intelligence (curse)
                                M - ring of protection from cold (curse)
                                W - ring of protection from cold (curse)

@: very slightly contaminated, drained, somewhat resistant to hostile
enchantments, stealthy
A: almost no armour, amphibious, 8 rings, constrict 8, iridescent scales 1,
camouflage 1, clarity, robust 1, slow regeneration 1, strong 2, gelatinous body
1
a: Curse Item, Scrying, Transfer Knowledge, Renounce Religion
}: 1/15 runes: gossamer


You were on level 5 of the Vaults.
You worshipped Ashenzari.
Ashenzari was exalted by your worship.
You were full.

You visited 5 branches of the dungeon, and saw 32 of its levels.
You visited the Abyss 1 time.
You also visited: Ice Cave.

You collected 3989 gold pieces.
You spent 2020 gold pieces at shops.

Inventory:

Armour
 V - a +2 shield (worn)
Jewellery
 g - an uncursed ring of magical power
 m - a cursed ring of fire (right tentacle)
 o - a cursed +2 ring of evasion (on tentacle)
 p - a cursed ring of wizardry (left tentacle)
 t - a cursed +2 ring of dexterity (on tentacle)
 v - a cursed amulet of the gourmand (around mantle)
 A - a cursed +5 ring of intelligence (on tentacle)
 D - an uncursed amulet of harm
 M - a cursed ring of protection from cold (on tentacle)
 T - a +2 amulet of reflection
 U - a cursed ring of positive energy (on tentacle)
 W - a cursed ring of protection from cold (on tentacle)
Wands
 w - a wand of digging (17/24)
 S - a wand of heal wounds (3/9)
 Z - a wand of disintegration (21/24)
Scrolls
 d - 2 scrolls of curse weapon
 e - 3 scrolls of fog
 h - a scroll of enchant weapon
 j - 6 scrolls of remove curse
 r - 7 scrolls of enchant armour
 u - a scroll of identify
 z - a scroll of magic mapping
 H - 2 scrolls of curse armour
 I - 5 scrolls of recharging
 K - 2 scrolls of amnesia
 N - 5 scrolls of curse jewellery
 O - a scroll of fear
 Q - a scroll of holy word
Potions
 c - a potion of berserk rage {unknown}
 f - a potion of mutation {unknown}
 i - a potion of cure mutation
 l - 9 potions of curing
 x - 4 potions of agility
 B - 5 potions of invisibility
 C - 2 potions of haste
 F - 3 potions of brilliance
 G - 2 potions of heal wounds
 J - 3 potions of flight
 P - a potion of beneficial mutation
 R - a potion of resistance
 X - a potion of might
 Y - 3 potions of cancellation
Books
 a - a book of Frost

   Spells                             Type                      Level
   a - Freeze                         Ice                          1
   b - Throw Frost                    Conjuration/Ice              2
   c - Ozocubu's Armour               Charms/Ice                   3
   d - Throw Icicle                   Conjuration/Ice              4
   e - Summon Ice Beast               Ice/Summoning                4
 n - a book of Changes

   Spells                             Type                      Level
   a - Beastly Appendage              Transmutation                1
   b - Sticks to Snakes               Transmutation                2
   c - Spider Form                    Transmutation/Poison         3
   d - Ice Form                       Ice/Transmutation            4
   e - Blade Hands                    Transmutation                5
 s - a book of Annihilations

   Spells                             Type                      Level
   a - Poison Arrow                   Conjuration/Poison           6
   b - Chain Lightning                Conjuration/Air              8
   c - Lehudib's Crystal Spear        Conjuration/Earth            8
   d - Glaciate                       Conjuration/Ice              9
   e - Fire Storm                     Conjuration/Fire             9
Comestibles
 b - 16 bread rations
 k - a royal jelly
 q - 11 meat rations
 E - a beef jerky
 L - 5 fruits


   Skills:
 - Level 12.0(11.1) Fighting
   Level 7.8(6.9) Maces & Flails
 - Level 11.0(10.0) Dodging
 - Level 6.2(5.4) Stealth
 * Level 16.3(15.3) Shields
 - Level 16.4(15.4) Unarmed Combat
 - Level 13.0(12.0) Spellcasting
 - Level 9.6(12.9) Conjurations
 - Level 7.7(11.2) Charms
 - Level 7.0(10.6) Transmutations
 - Level 5.9(9.5) Air Magic
 - Level 6.7(10.3) Earth Magic


You had 4 spell levels left.
You knew the following spells:

 Your Spells              Type           Power        Failure   Level  Hunger
a - Swiftness             Chrm/Air       ######..     1%          2    None
b - Statue Form           Trmt/Erth      ######...    3%          6    #####..
c - Iskenderun's Battles  Conj/Chrm      ######..     1%          5    ##.....
d - Silence               Hex/Air        #####.....   6%          5    ##.....
e - Blink                 Tloc           N/A          1%          2    None
f - Magic Dart            Conj           ####         0%          1    None
g - Lightning Bolt        Conj/Air       ######....   1%          5    ##.....
h - Mephitic Cloud        Conj/Pois/Air  ######..     1%          3    None
j - Haste                 Chrm           ######..     2%          6    #####..
k - Deflect Missiles      Chrm/Air       ######....   4%          6    #####..


Dungeon Overview and Level Annotations

Branches:
Dungeon (13/15)            Temple (0/1) D:6            Lair (8/8) D:11
 Shoals (0/4) Lair:5       Spider (4/4) Lair:3        Slime (0/6) Lair:7
    Orc (2/2) D:12            Elf (0/3) Orc:2        Vaults (5/5) D:13
  Crypt (0/3) Vaults:2

Altars:
Ashenzari
Cheibriados
Dithmenos
Elyvilon
Fedhas
Gozag
Kikubaaqudgha
Nemelex Xobeh
Okawaru
Pakellas
Sif Muna
Xom
Yredelemnul
Zin
Beogh
Jiyva

Shops:
D:4 *   Orc:2 [:}%(   Vaults:1 (   Vaults:2 (   Vaults:3 [

Portals:
Trove: D:11 (give +8 demon trident)

Annotations:
D:8 exclusion: obsidian statue
D:9 Joseph
D:11 1 runed door


Innate Abilities, Weirdness & Mutations

You cannot wear most types of armour.
You are amphibious.
You can wear up to eight rings at the same time.
You can use your tentacles to constrict eight enemies at once.
Your skin changes colour to match your surroundings (Stealth).
Your rubbery body absorbs attacks (AC +1).
You are partially covered in iridescent scales (AC +4).
You possess an exceptional clarity of mind.
You are robust (+10% HP).
You regenerate slowly when monsters are visible.
Your muscles are very strong. (Str +4)


Message History

* * * LOW HITPOINT WARNING * * *
Casting: Lightning Bolt
Confirm with . or Enter, or press ? or * to list all spells.
Okay, then.
Drink which item? (? for menu, Esc to quit)
Okay, then.
Read which item? (? for menu, Esc to quit)
Okay, then.
Drink which item? (? for menu, Esc to quit)
Okay, then.
Drink which item? (? for menu, Esc to quit)
You feel much better. The quicksilver dragon misses you.
The quicksilver dragon claws you!
* * * LOW HITPOINT WARNING * * *
The vault guard hits you with a great sword!
* * * LOW HITPOINT WARNING * * *
The shadow dragon breathes negative energy at you.
The bolt of negative energy hits you! You partially resist.
You feel drained.
You die...

,* *,, * , ,*∆*{* , #.#. * ,*
,*, ∆ ,*,,,#W#. *,* , * , ∆*
*,*, #... ,, { *, ,*{ , ... *
,, #######################.
*,, ....................[...
*,,,,........D.p...W.........
*, ,,.......DpD..............
* ,,,.......@DQQ**Q*....QW.u.
* , #####################.#.
,, , ,,, , , ..{u. *,,* ,
,,,, , * ,....##. , * {**, ,,
* ...{# .. ,,* * ∆,, **
,...#*..u *, * ,, ** ,,, *
,..#*,..{ * , ,,{{{ *∆∆∆∆* ,
, *, , * , ,, ,, * , , * , ,


You could see 3 shadow dragons, a quicksilver dragon, a vault warden, 3 tengu
reavers, a vault guard, a phantasmal warrior and 3 battlespheres.

Vanquished Creatures
  Sojobo (Vaults:2)
  Arachne (Spider:3)
  A lich (Vaults:3)
  An Ice Fiend (IceCv)
  Kirke (Lair:7)
  Agnes (Spider:2)
  A greater naga (Vaults:3)
  2 tengu reavers
  A storm dragon (Vaults:3)
  3 fire giants
  A deep elf sorcerer (Vaults:3)
  8 vault wardens
  3 frost giants
  8 emperor scorpions
  Aizul (Spider:2)
  10 ironheart preservers
  7 stone giants
  3 salamander stormcallers
  A vampire knight (Vaults:2)
  Nessos (Lair:6)
  Azrael (Spider:2)
  4 deep elf demonologists
  3 deep elf death magi (Vaults:3)
  3 ettins
  Snorg (Orc:1)
  Josephine (Orc:2)
  31 vault guards
  A fire dragon (Vaults:3)
  4 yaktaur captains
  13 hydras
  2 entropy weavers
  A great orb of eyes (Vaults:3)
  An entropy weaver (shapeshifter) (Vaults:2)
  4 catoblepae
  The ghost of Uberwunderbarhen the Nimble, a journeyman OpBe of Trog (IceCv)
  5 ogre magi
  4 centaur warriors
  A death knight (Vaults:4)
  A dancing weapon (Vaults:3)
  14 death yaks
  An orc high priest (Orc:2)
  A deep elf knight (Orc:2)
  A shadow wraith (Vaults:1)
  2 skeletal warriors (Vaults:4)
  A salamander mystic (Vaults:3)
  2 fire crabs
  11 deep trolls
  2 unseen horrors (Vaults:1)
  An unseen horror (shapeshifter) (Vaults:1)
  2 hill giants
  A flayed ghost (Vaults:4)
  3 wizards
  15 ironbrand convokers
  Pikel (D:8)
  11 orc knights
  5 deep elf archers
  5 harpies (Vaults:2)
  2 phantasmal warriors
  13 orb spiders
  27 ugly things
  An oklob plant (Lair:6)
  8 orc sorcerers
  9 deep elf magi
  4 hornets
  3 cyclopes
  9 griffons
  4 slime creatures (Vaults:2)
  26 wolf spiders
  2 water nymphs (shapeshifter)
  A manticore (D:11)
  3 salamanders (Vaults:3)
  2 moths of wrath (Spider:4)
  9 elephants
  An eye of devastation (Vaults:3)
  13 vault sentinels
  4 ice statues (IceCv)
  Psyche (D:9)
  9 black mambas
  11 spiny frogs
  A torpor snail (Spider:4)
  2 gargoyles
  An eye of devastation (shapeshifter) (Vaults:1)
  6 freezing wraiths
  2 anaconda simulacra (IceCv)
  10 komodo dragons
  20 yaktaurs
  4 demonic crawlers
  5 fire drakes
  10 ice devils (IceCv)
  25 jumping spiders
  4 polar bears
  8 trolls
  A raiju (shapeshifter) (Vaults:1)
  9 two-headed ogres
  4 boulder beetles
  16 blink frogs
  48 redbacks
  3 vampires (Vaults:2)
  19 tarantellas
  70 yaks
  5 wraiths
  A dire elephant simulacrum (IceCv)
  A wyvern (Lair:2)
  A fire bat (shapeshifter) (Vaults:1)
  4 hogs (Lair:5)
  2 fire elementals (Spider:2)
  A golden eye (shapeshifter) (Vaults:1)
  A hungry ghost (D:13)
  Grum (D:10)
  A basilisk (shapeshifter) (Vaults:1)
  2 basilisks
  6 hippogriffs
  17 wolves
  A mottled dragon (Vaults:2)
  19 vampire mosquitoes
  4 wargs
  2 harpy simulacra (IceCv)
  2 iron troll simulacra (IceCv)
  15 water moccasins
  3 soldier ants
  3 hell hounds
  15 porcupines
  A porcupine (shapeshifter) (Vaults:3)
  3 hydra simulacra (IceCv)
  39 orc warriors
  5 sky beasts
  10 ice beasts
  An eye of draining (shapeshifter) (D:13)
  4 phantoms
  2 black bears
  4 wasps
  An ettin simulacrum (Vaults:1)
  8 boggarts
  A necrophage (D:9)
  An ogre (shapeshifter) (Vaults:1)
  17 ogres
  19 centaurs
  21 crocodiles
  4 big kobolds
  An elf zombie (D:9)
  11 giant frogs
  A wyvern zombie (D:12)
  8 scorpions
  15 killer bees
  8 electric eels
  3 crimson imps
  4 giant frog zombies
  2 jellies (D:7)
  10 hounds
  26 orc priests
  2 quasits (D:10)
  2 centaur skeletons
  6 human zombies (D:9)
  2 giant frog skeletons
  Jessica (D:3)
  A human skeleton (D:9)
  12 iguanas
  44 orc wizards
  13 worker ants
  19 sheep
  A hound skeleton (D:4)
  2 mummies (D:9)
  2 worker ant zombies
  3 gnolls (D:3)
  10 adders
  74 river rats
  3 shadow imps
  An ooze (D:3)
  An adder zombie (D:9)
  4 worms
  8 giant geckos
  131 orcs
  9 giant cockroaches
  2 gnoll zombies (D:8)
  8 goblins
  3 hobgoblins
  8 jackals
  2 quokkas
  A ball python skeleton (D:4)
  8 bats
  A giant gecko skeleton (D:4)
  3 giant newts
  21 kobolds
  An orc zombie (D:9)
  A quokka zombie (D:5)
  11 rats
  A bush (Lair:6)
  A fungus (Lair:8)
  3 plants
1410 creatures vanquished.

Vanquished Creatures (collateral kills)
  An orb spider (Spider:4)
  3 redbacks (Spider:4)
4 creatures vanquished.

Vanquished Creatures (others)
  2 tengu reavers
  Maud (Lair:5)
  An orb spider (Spider:4)
  A wyvern (Lair:8)
  2 slaves (D:9)
  2 river rats (Lair:8)
  A fire vortex (Lair:2)
  40 fungi
  44 plants
94 creatures vanquished.

Grand Total: 1508 creatures vanquished

Notes
Turn   | Place    | Note
--------------------------------------------------------------
     0 | D:1      | Motquri the Octopode Conjurer began the quest for the Orb.
     0 | D:1      | Reached XP level 1. HP: 11/11 MP: 3/3
   148 | D:1      | Found a shattered altar of Ashenzari.
   156 | D:1      | Became a worshipper of Ashenzari the Shackled
   169 | D:1      | Reached XP level 2. HP: 12/17 MP: 0/5
   515 | D:1      | Learned a level 2 spell: Searing Ray
   880 | D:1      | Reached XP level 3. HP: 21/21 MP: 4/6
  1451 | D:2      | You fall through a shaft!
  1618 | D:2      | Reached * piety under Ashenzari
  1879 | D:2      | Found a sparkling altar of Nemelex Xobeh.
  2051 | D:2      | Found a snail-covered altar of Cheibriados.
  2067 | D:2      | Reached XP level 4. HP: 27/27 MP: 3/8
  2728 | D:3      | Reached skill level 5 in Conjurations
  2935 | D:3      | Reached XP level 5. HP: 18/31 MP: 2/10
  3000 | D:3      | Noticed Jessica
  3019 | D:3      | Killed Jessica
  3098 | D:4      | Noticed an ogre
  3105 | D:4      | Killed an ogre
  3105 | D:4      | Reached XP level 6. HP: 34/36 MP: 0/12
  3622 | D:3      | Learned a level 4 spell: Iskenderun's Mystic Blast
  3628 | D:3      | Learned a level 5 spell: Iskenderun's Battlesphere
  3910 | D:3      | Reached skill level 6 in Conjurations
  4608 | D:4      | Reached XP level 7. HP: 41/41 MP: 9/13
  4852 | D:4      | Found Vuakuts's General Store.
  4890 | D:4      | Found an opulent altar of Gozag.
  5198 | D:5      | Entered Level 5 of the Dungeon
  5362 | D:5      | Reached skill level 1 in Shields
  5362 | D:5      | Reached skill level 7 in Conjurations
  5686 | D:5      | Reached skill level 1 in Charms
  6019 | D:5      | Reached ** piety under Ashenzari
  6149 | D:5      | Reached skill level 5 in Spellcasting
  6266 | D:5      | Reached XP level 8. HP: 46/46 MP: 8/15
  6649 | D:6      | Found a staircase to the Ecumenical Temple.
  6788 | D:6      | Found an oddly glowing altar of Pakellas.
  6788 | D:6      | Found a glowing silver altar of Zin.
  6892 | D:6      | Reached skill level 5 in Shields
  7766 | D:7      | Found a white marble altar of Elyvilon.
  7777 | D:7      | Reached XP level 9. HP: 51/51 MP: 12/18
  8045 | D:7      | Reached skill level 5 in Charms
  8119 | D:7      | Reached skill level 1 in Fighting
  8162 | D:8      | Found a blossoming altar of Fedhas.
  8484 | D:8      | Found an opulent altar of Gozag.
  8496 | D:8      | Found a shimmering altar of Xom.
  8497 | D:8      | Found a shimmering altar of Xom.
  8599 | D:8      | Noticed a water nymph
  8599 | D:8      | a raiju changed into a water nymph
  8600 | D:8      | Found a shimmering altar of Xom.
  8600 | D:8      | Found a shimmering altar of Xom.
  8600 | D:8      | Found a shimmering altar of Xom.
  8601 | D:8      | Noticed a yaktaur
  8601 | D:8      | Found a shimmering altar of Xom.
  8601 | D:8      | Found a shimmering altar of Xom.
  8664 | D:8      | Noticed an eye of devastation
  8665 | D:8      | Noticed a gargoyle
  8723 | D:8      | Noticed a cyclops
  8723 | D:8      | Noticed a lindwurm
  8770 | D:8      | Killed a gargoyle
  8779 | D:8      | Found a shimmering altar of Xom.
  8779 | D:8      | Found a shimmering altar of Xom.
  8834 | D:8      | Found a basalt altar of Yredelemnul.
  8881 | D:8      | Noticed a hell hog
  8881 | D:8      | Noticed a fire dragon
  8881 | D:8      | a hell hog changed into a fire dragon
  8882 | D:8      | Noticed a guardian serpent
  9093 | D:8      | Noticed an obsidian statue
  9100 | D:8      | Noticed a soul eater
  9100 | D:8      | Noticed a sixfirhy
  9103 | D:8      | Learned a level 2 spell: Repel Missiles
  9645 | D:8      | Noticed a harpy
  9645 | D:8      | Noticed a water nymph
  9647 | D:8      | Noticed an anaconda
  9647 | D:8      | a water nymph changed into an anaconda
  9670 | D:9      | Reached *** piety under Ashenzari
  9670 | D:9      | Noticed Pikel
  9754 | D:8      | Killed Pikel
  9754 | D:8      | Reached skill level 5 in Dodging
  9754 | D:8      | Reached XP level 10. HP: 63/65 MP: 10/21
  9816 | D:8      | Noticed an unseen horror
  9817 | D:8      | Noticed an ice dragon
 10059 | D:9      | Reached skill level 8 in Spellcasting
 10120 | D:9      | Noticed Joseph
 10416 | D:9      | Learned a level 2 spell: Blink
 10444 | D:9      | Noticed Psyche
 10450 | D:9      | Killed Psyche
 10531 | D:9      | Learned a level 3 spell: Mephitic Cloud
 10539 | D:9      | Found an iron altar of Okawaru.
 10780 | D:9      | Found a deep blue altar of Sif Muna.
 10822 | D:9      | Found a shadowy altar of Dithmenos.
 10822 | D:9      | Found an iron altar of Okawaru.
 10913 | D:9      | Reached skill level 9 in Spellcasting
 10962 | D:9      | Found an ancient bone altar of Kikubaaqudgha.
 11028 | D:10     | Entered Level 10 of the Dungeon
 11551 | D:10     | Reached XP level 11. HP: 67/69 MP: 3/24
 11552 | D:10     | Reached skill level 10 in Spellcasting
 12126 | D:10     | Noticed Grum
 12130 | D:10     | Killed Grum
 13322 | D:11     | Noticed a hill giant
 13327 | D:11     | Killed a hill giant
 13328 | D:11     | Reached **** piety under Ashenzari
 13333 | D:11     | Found a staircase to the Lair.
 13394 | Lair:1   | Entered Level 1 of the Lair of Beasts
 13482 | Lair:1   | Learned a level 2 spell: Swiftness
 13488 | Lair:1   | Learned a level 5 spell: Lightning Bolt
 13634 | Lair:1   | Reached skill level 1 in Air Magic
 14412 | Lair:2   | Reached skill level 11 in Spellcasting
 15019 | D:6      | Reached skill level 5 in Fighting
 15063 | D:4      | Bought a book of Enchantments for 600 gold pieces
 15070 | D:4      | Learned a level 6 spell: Haste
 15364 | Lair:2   | Noticed a four-headed hydra
 15371 | Lair:2   | Killed a four-headed hydra
 15371 | Lair:2   | Reached XP level 12. HP: 70/76 MP: 11/27
 15393 | Lair:2   | Noticed a six-headed hydra
 15398 | Lair:2   | Noticed a six-headed hydra
 15415 | Lair:2   | Killed a six-headed hydra
 15839 | Lair:2   | Killed a six-headed hydra
 16400 | Lair:3   | Noticed a five-headed hydra
 16405 | Lair:3   | Killed a five-headed hydra
 16680 | Lair:3   | Found a hole to the Spider Nest.
 17048 | Lair:3   | Noticed a four-headed hydra
 17073 | Lair:3   | Killed a four-headed hydra
 17638 | Lair:4   | Noticed an eight-headed hydra
 17643 | Lair:4   | Killed an eight-headed hydra
 17687 | Lair:4   | Reached XP level 13. HP: 70/85 MP: 1/28
 18029 | Lair:4   | Reached skill level 10 in Dodging
 18327 | Lair:4   | Reached ***** piety under Ashenzari
 19993 | Lair:5   | Found a staircase to the Shoals.
 20000 | Lair:5   | Noticed Maud
 20012 | Lair:5   | Killed Maud
 20012 | Lair:5   | Reached skill level 5 in Stealth
 20014 | Lair:5   | Noticed Kirke
 20062 | Lair:4   | Upgraded the game from 0.18-a0-1273-g8ec5f8e to 0.18-a0-1285-g60d00e1
 21294 | Lair:6   | Gained mutation: Your muscles are strong. (Str +2) [potion of beneficial mutation]
 21295 | Lair:6   | Gained mutation: Your muscles are very strong. (Str +4) [potion of beneficial mutation]
 21445 | Lair:6   | Noticed Nessos
 21459 | Lair:6   | Killed Nessos
 21459 | Lair:6   | Reached skill level 12 in Spellcasting
 21503 | Lair:6   | Reached skill level 1 in Maces & Flails
 22935 | Lair:7   | Reached XP level 14. HP: 96/96 MP: 4/30
 23883 | Lair:7   | Found a staircase to the Slime Pits.
 23883 | Lair:7   | Found a viscous altar of Jiyva.
 23978 | Lair:8   | Entered Level 8 of the Lair of Beasts
 25358 | Lair:8   | Reached skill level 5 in Maces & Flails
 25361 | Lair:8   | Reached skill level 10 in Fighting
 26006 | Lair:8   | Reached skill level 13 in Spellcasting
 26738 | Lair:7   | Killed Kirke
 27609 | Lair:8   | Reached XP level 15. HP: 105/105 MP: 19/32
 29953 | D:11     | Found a runed door.
 29968 | D:11     | Found a runed door.
 30520 | D:11     | Found a portal to a secret trove of treasure.
 30948 | D:12     | Found a staircase to the Orcish Mines.
 31012 | Orc:1    | Entered Level 1 of the Orcish Mines
 31015 | Orc:1    | Reached skill level 10 in Maces & Flails
 32063 | D:12     | Reached ****** piety under Ashenzari
 32331 | D:12     | Learned a level 6 spell: Deflect Missiles
 32452 | Orc:1    | Found a roughly hewn altar of Beogh.
 32510 | Orc:1    | Noticed Snorg
 32576 | Orc:1    | Killed Snorg
 33341 | Orc:2    | Entered Level 2 of the Orcish Mines
 33509 | Orc:2    | Found a roughly hewn altar of Beogh.
 33922 | Orc:2    | Found a staircase to the Elven Halls.
 34000 | Orc:2    | Found Omaegal's Antique Weapon Shoppe.
 34000 | Orc:2    | Found Toffam's Book Emporium.
 34000 | Orc:2    | Found Vaogut Kafu's Food Shoppe.
 34003 | Orc:2    | Found Ohoimaf's Gadget Emporium.
 34009 | Orc:2    | Bought a book of the Earth for 1040 gold pieces
 34102 | Orc:2    | Noticed Josephine
 34160 | Orc:1    | Learned a level 6 spell: Statue Form
 34260 | Orc:1    | Reduced skill Maces & Flails to level 10
 34260 | Orc:1    | Reached skill level 1 in Unarmed Combat
 34421 | Orc:1    | Reached skill level 1 in Transmutations
 34421 | Orc:1    | Reached skill level 1 in Earth Magic
 34583 | Orc:2    | Killed Josephine
 34786 | Orc:2    | Reached skill level 5 in Unarmed Combat
 34828 | Orc:2    | Found Foxidd Wijyu's Armour Emporium.
 35184 | Orc:2    | Bought a faintly glowing battleaxe for 356 gold pieces
 35184 | Orc:2    | Identified the +4 battleaxe "Jigeb" {venom, *Rage MP+9 Dex+7} (You bought it in a shop on level 2 of the Orcish Mines)
 35453 | D:4      | Bought a scroll of identify for 24 gold pieces
 35693 | Spider:1 | Entered Level 1 of the Spider Nest
 36651 | Spider:1 | Reached XP level 16. HP: 114/114 MP: 26/33
 36927 | Spider:2 | Noticed Agnes
 36944 | Spider:2 | Killed Agnes
 37233 | Spider:2 | Found a frozen archway.
 37245 | IceCv    | Entered an ice cave
 37265 | IceCv    | Noticed Uberwunderbarhen's ghost (journeyman OpBe)
 37290 | IceCv    | Killed Uberwunderbarhen's ghost
 37322 | IceCv    | Reached skill level 5 in Transmutations
 37338 | IceCv    | Reached skill level 5 in Earth Magic
 37978 | IceCv    | Noticed an Ice Fiend
 37990 | IceCv    | Killed an Ice Fiend
 38678 | Spider:2 | Noticed Aizul
 38698 | Spider:2 | Killed Aizul
 39109 | Spider:2 | Noticed Azrael
 39132 | Spider:2 | Killed Azrael
 39529 | D:13     | Found a gate to the Vaults.
 39910 | Spider:3 | Reached skill level 10 in Unarmed Combat
 40389 | Spider:3 | Noticed Arachne
 40429 | Spider:3 | Killed Arachne
 40462 | Spider:3 | Gained mutation: You regenerate slowly when monsters are visible. [mutagenic glow]
 40900 | Spider:4 | Entered Level 4 of the Spider Nest
 41073 | Spider:3 | Reached XP level 17. HP: 43/119 MP: 22/34
 42852 | Spider:4 | Got a gossamer rune of Zot
 43202 | Vaults:1 | Entered Level 1 of the Vaults
 43301 | Vaults:1 | Reached skill level 14 in Unarmed Combat
 43379 | Vaults:1 | Found Koeh's Weapon Boutique.
 43804 | Vaults:1 | Reached skill level 15 in Unarmed Combat
 44518 | Vaults:2 | Paralysed by a vampire knight for 3 turns
 44528 | Vaults:2 | Reached XP level 18. HP: 75/126 MP: 28/35
 44542 | Vaults:2 | Found a staircase to the Crypt.
 44618 | Vaults:2 | Noticed Sojobo
 44649 | Vaults:2 | Killed Sojobo
 45393 | Vaults:2 | Found Taetecy's Weapon Boutique.
 45555 | Vaults:2 | Reached skill level 16 in Unarmed Combat
 46237 | Vaults:3 | Paralysed by a great orb of eyes for 4 turns
 46440 | Vaults:3 | Reached skill level 10 in Shields
 46831 | Vaults:1 | Learned a level 5 spell: Silence
 46937 | Vaults:3 | Found Kunuafuc's Armour Boutique.
 47067 | Vaults:3 | Reached XP level 19. HP: 131/131 MP: 21/36
 47220 | Vaults:3 | Reached skill level 5 in Air Magic
 47238 | Vaults:3 | Gained mutation: You possess an exceptional clarity of mind. [mutagenic meat]
 47240 | Vaults:3 | Gained mutation: You are partially covered in iridescent scales (AC +4). [mutagenic meat]
 47242 | Vaults:3 | Gained mutation: You are robust (+10% HP). [mutagenic meat]
 47583 | Vaults:3 | Cast into level 3 of the Abyss (a deep elf demonologist)
 47589 | Vaults:3 | Escaped the Abyss
 47598 | Vaults:3 | Noticed a lich
 47600 | Vaults:3 | Paralysed by a lich for 4 turns
 47637 | Vaults:3 | HP: 4/187 [stone giant (30)]
 47841 | Vaults:3 | Killed a lich
 49769 | Vaults:4 | Reached XP level 20. HP: 150/150 MP: 31/37
 49982 | Vaults:4 | Upgraded the game from 0.18-a0-1285-g60d00e1 to 0.18-a0-1311-g779ca93
 50083 | Vaults:4 | Reached skill level 15 in Shields
 50377 | Vaults:5 | Entered Level 5 of the Vaults
 51107 | Vaults:5 | HP: 1/150 [shadow dragon (7)]
 51108 | Vaults:5 | Killed from afar by a shadow dragon

Vault maps used:
D:1:      lightli_arrival_boilingwater, ashenzari_altar_1
D:2:      cheibriados_altar_wand_db, nemelex_spade_bored_becter
D:3:      serial_curves, eino_curves_04, eino_curves_01, eino_curves_02,
          st_stairs_7, uniq_jessica
D:4:      serial_shops, nicolae_shop_window_shopping, grunt_gozag_statues
D:5:      first_bread, grunt_ministairs_4
D:6:      gammafunk_temple_overflow_wave, minmay_temple_entry_statues_fountains,
          minmay_crystal_room
D:7:      lemuel_doored_altar
D:8:      statuecave_lemuel, lemuel_crystal_altar, kennysheep_mini_moat,
          xom_shifter_show, lemuel_zombie_altar_yredelemnul
D:9:      lemuel_mausoleum_altar_kikubaaqudgha,
          gammafunk_temple_overflow_elements, old_standard_altar, basic_altar,
          blue_anna_alchemist, minmay_liquid_box, uniq_joseph, uniq_pikel,
          uniq_psyche
D:10:     uniq_grum
D:11:     lemuel_insect_pit, dpeg_oklobed_lair, nicolae_trove_entry_columns,
          minmay_misc_feat_tiny
D:12:     orc_0_dummy, minmay_door_square, nicolae_zen_rock_garden
D:13:     david_vaults_1
Lair:3:   spider_nest_entry_rubble, serial_bayou_lagoon_a,
          grunt_forest_small_clearing_treed
Lair:4:   serial_bayou_shore_a
Lair:5:   elwin_shoals_entry_rocks, uniq_maud, uniq_kirke
Lair:6:   minmay_lair_oklob_items, uniq_nessos
Lair:7:   slime_altar_1, nicolae_lair_yak_garden
Lair:8:   evilmike_catoblepas_cave, lemuel_old_faithful
Spider:2: portal_ice_cave_entry_ice_beasts, uniq_azrael, uniq_agnes, uniq_aizul
Spider:3: uniq_arachne
Spider:4: grunt_spider_rune_circles
Orc:1:    mines2_david, uniq_snorg
Orc:2:    st_orc_mages, serial_shops, shop, basic_altar, uniq_josephine
Vaults:1: grunt_vaults_twisty, v_pattern_3, v_misc_29, ontoclasm_vaults_spin,
          v_rooms_1, ontoclasm_vaults_loading_screen,
          nicolae_vaults_stairing_the_circle, nicolae_vaults_big_angled_halls,
          nicolae_vaults_display_case, nicolae_vaults_shelves_hall,
          grunt_vaults_hallway_short, serial_shops, nicolae_shop_trees
Vaults:2: vaults_room_boxed, minmay_crypt_entry_vampire_xt,
          hangedman_vaults_slither, vaults_mumra_minichess_inversion,
          vaults_mumra_lcd, hangedman_vaults_nails, v_misc_24,
          ontoclasm_vaults_ring_small, serial_shops, shop, uniq_sojobo,
          uniq_asterion
Vaults:3: v_misc_10, v_pattern_4, v_misc_30, v_alt_pattern_5,
          nicolae_vaults_little_squares_3, vaults_room_corners,
          vaults_room_pool, hangedman_vaults_corner, st_greater_box_5,
          ontoclasm_vaults_ligature, nicolae_vaults_diagonal_hallway_7,
          vaults_room_pool, vaults_room_ringed_pool, serial_shops, shop
Vaults:4: v_misc_12, grunt_vaults_focal, ontoclasm_vaults_decontamination,
          nicolae_vaults_big_ls
Vaults:5: serial_shops
Abyss:3:  nicolae_abyss_rune_containment_breach
IceCv:    ice_cave_tombish

Action                   |  1- 3 |  4- 6 |  7- 9 | 10-12 | 13-15 | 16-18 | 19-21 || total
-------------------------+-------+-------+-------+-------+-------+-------+-------++-------
Melee: Unarmed           |    13 |       |       |       |     4 |  1242 |   536 ||  1795
       Club              |       |     4 |    12 |       |       |       |       ||    16
       Mace              |       |       |       |   220 |   956 |       |       ||  1176
Throw: Javelin           |       |       |       |       |    11 |       |       ||    11
 Cast: Magic Dart        |    54 |    69 |   200 |   273 |   567 |       |       ||  1163
       Searing Ray       |     1 |    19 |    19 |    10 |     4 |       |       ||    53
       Iskenderun's Myst |       |       |    20 |    57 |   139 |    13 |       ||   229
       Iskenderun's Batt |       |       |    21 |    61 |   133 |     1 |       ||   216
       Repel Missiles    |       |       |       |     2 |       |       |       ||     2
       Lightning Bolt    |       |       |       |     6 |    73 |     7 |     7 ||    93
       Blink             |       |       |       |     3 |     2 |       |       ||     5
       Haste             |       |       |       |     5 |    50 |    39 |    17 ||   111
       Swiftness         |       |       |       |     1 |     1 |       |       ||     2
       Mephitic Cloud    |       |       |       |       |    10 |    19 |     4 ||    33
       Statue Form       |       |       |       |       |     2 |    85 |    34 ||   121
       Deflect Missiles  |       |       |       |       |     1 |     4 |     4 ||     9
Invok: Transfer Knowledg |       |       |       |       |     1 |       |       ||     1
Evoke: Wand              |       |       |       |       |     8 |       |     1 ||     9
       Sack of spiders   |       |       |       |       |     1 |       |       ||     1
  Use: Scroll            |     3 |     7 |     9 |     7 |    16 |    12 |     4 ||    58
       Potion            |       |       |       |       |     4 |     4 |     3 ||    11
 Stab: Sleeping          |     1 |       |       |     2 |     1 |    14 |     4 ||    22
       Confused          |       |       |       |       |    12 |    12 |     7 ||    31
       Paralysed         |       |       |       |       |     3 |       |       ||     3
       Distracted        |       |       |       |       |     1 |     1 |     1 ||     3
       Held in net/web   |       |       |       |       |       |     1 |       ||     1
  Eat: Chunk             |     3 |     7 |    15 |    30 |    62 |    46 |    31 ||   194
       Royal jelly       |       |     1 |       |       |     1 |       |       ||     2
       Pizza             |       |       |     3 |       |     5 |       |     1 ||     9
       Fruit             |       |       |     2 |     2 |    20 |    14 |       ||    38
       Beef jerky        |       |       |     1 |     3 |       |     3 |       ||     7
       Meat ration       |       |       |       |       |     1 |     4 |       ||     5
